 Dungeon Crawl Stone Soup version 0.19.5 (webtiles) character file.

552 Jerry the Slasher (level 7, 0/61 HPs)
             Began as a Minotaur Fighter on Apr 3, 2017.
             Shot with an arrow by a centaur (9 damage)
             ... on level 5 of the Dungeon.
             The game lasted 00:08:03 (3478 turns).

Jerry the Slasher (Minotaur Fighter)                Turns: 3478, Time: 00:08:03

Health: 0/61       AC:  9    Str: 21    XL:     7   Next: 8%
Magic:  6/6        EV:  9    Int:  6    God:
Gold:   177        SH:  0    Dex: 10    Spells: 0 memorised, 6 levels left

rFire  . . .     SeeInvis .     a - +1 long sword
rCold  . . .     Gourm    .     b - +0 scale mail
rNeg   . . .     Faith    .     (no shield)
rPois  +         Spirit   .     (helmet restricted)
rElec  .         Reflect  .     (no cloak)
rCorr  .         Harm     .     q - +1 pair of gloves
MR     .....                    (no boots)
Stlth  ..........               (no amulet)
                                (no ring)
                                s - ring of poison resistance

@: lethally poisoned (0 -> -2), very slightly contaminated, hasted, very quick
A: retaliatory headbutt, horns 2
a: no special abilities


You were on level 5 of the Dungeon.
You were hungry.

You visited 1 branch of the dungeon, and saw 5 of its levels.

You collected 177 gold pieces.

Inventory:

Hand Weapons
 a - a +1 long sword (weapon)
 u - a +1 dagger of holy wrath
 A - a +1 dagger of draining
Missiles
 g - 3 tomahawks of dispersal (quivered)
Armour
 b - a +0 scale mail (worn)
 n - a +0 buckler
 q - a +1 pair of gloves (worn)
Jewellery
 i - an uncursed ring of resist corrosion
 s - a ring of poison resistance (left hand)
Wands
 w - a wand of teleportation (7/9)
Scrolls
 e - 4 scrolls of remove curse
 j - a scroll of immolation {unknown}
 k - a scroll of teleportation
 t - a scroll of identify
Potions
 c - 4 potions of curing {unknown}
 d - a potion of might
 l - 2 potions of magic {unknown}
 m - a potion of beneficial mutation {unknown}
 r - a potion of flight {unknown}
Comestibles
 f - 5 bread rations
 h - 3 meat rations
 o - a chunk of flesh


   Skills:
 + Level 5.5 Fighting
 * Level 7.1 Long Blades
 + Level 5.6 Armour
 - Level 3.6 Shields


You had 6 spell levels left.
You didn't know any spells.

Dungeon Overview and Level Annotations

Branches:
Dungeon (5/15)
 Temple: D:4-7

Altars:
Cheibriados
Dithmenos
Sif Muna
Trog


Innate Abilities, Weirdness & Mutations

You reflexively headbutt those who attack you in melee.
You have a pair of horns on your head.


Message History

The centaur shoots an arrow.
The arrow hits you!
You see here an arrow.
You are too injured to fight recklessly!
You are too injured to fight recklessly!
You feel sick.
The centaur shoots an arrow.
The arrow hits you.
The centaur shoots an arrow.
The arrow hits you.
You see here 2 arrows.
The centaur shoots an arrow.
The arrow hits you.
* * * LOW HITPOINT WARNING * * *
You see here an arrow.
You feel sick.
The centaur shoots an arrow.
The arrow hits you.
* * * LOW HITPOINT WARNING * * *
You see here an arrow.
You feel yourself speed up.
The centaur shoots an arrow.
The arrow hits you.
* * * LOW HITPOINT WARNING * * *
You are very lightly contaminated with residual magic.
You feel sick.
You are feeling hungry.
The centaur shoots an arrow.
The arrow hits you!
You die...

.........#.♣.♣.#.#
........##.....#.#
........########.##
........####......#
..................#
.....####....>..#.#
................#.#
................#.#
#####.@.....#
#.....### ##
#.....# ...##
#(....#
##....##(##..#
...c...(.....##
..##...c(.....#
.........(....#
###.......(...#


You could see a centaur.

Vanquished Creatures
  A scorpion (D:4)
  A howler monkey (D:4)
  An orc priest (D:4)
  4 orc wizards (D:4)
  Jessica (D:3)
  4 worker ants
  5 adders
  A gnoll (D:1)
  2 oozes (D:1)
  3 worms
  3 dart slugs
  3 leopard geckos
  14 orcs (D:4)
  6 giant cockroaches
  7 hobgoblins
  6 jackals (D:3)
  10 kobolds
  4 quokkas
  A ball python (D:2)
  A ball python skeleton (D:4)
  19 bats
  7 frilled lizards
  9 goblins
  3 rats
116 creatures vanquished.

Notes
Turn   | Place    | Note
-------+----------+-------------------------------------------
     0 | D:1      | Jerry the Minotaur Fighter began the quest for the Orb.
     0 | D:1      | Reached XP level 1. HP: 19/19 MP: 0/0
    25 | D:1      | Reached skill level 3 in Long Blades
    25 | D:1      | Reached XP level 2. HP: 17/27 MP: 1/1
   394 | D:1      | Reached XP level 3. HP: 33/33 MP: 2/2
   546 | D:1      | Reached skill level 4 in Long Blades
  1142 | D:2      | Reached XP level 4. HP: 40/40 MP: 3/3
  1218 | D:2      | Found a snail-covered altar of Cheibriados.
  1935 | D:3      | Noticed Jessica
  1937 | D:3      | Killed Jessica
  1937 | D:3      | Reached skill level 5 in Long Blades
  1937 | D:3      | Reached XP level 5. HP: 46/47 MP: 4/4
  2077 | D:3      | Found a deep blue altar of Sif Muna.
  2505 | D:4      | Reached skill level 6 in Long Blades
  2505 | D:4      | Reached XP level 6. HP: 52/55 MP: 5/5
  2510 | D:4      | Reached skill level 5 in Fighting
  2553 | D:4      | Reached skill level 5 in Armour
  2734 | D:4      | Found a bloodstained altar of Trog.
  3401 | D:5      | Entered Level 5 of the Dungeon
  3410 | D:5      | Reached skill level 7 in Long Blades
  3434 | D:5      | Found a shadowy altar of Dithmenos.
  3454 | D:5      | Reached XP level 7. HP: 58/61 MP: 6/6
  3478 | D:5      | Shot with an arrow by a centaur

Skill      XL: |  1  2  3  4  5  6 |
---------------+-------------------+-----
Long Blades    | 3 4 5 6 7 |  7.1
Fighting       | 4 5 |  5.5
Armour         | 4 5 |  5.6
Shields        | |  3.6

Action                   |  1- 3 |  4- 6 |  7- 9 || total
-------------------------+-------+-------+-------++-------
Melee: Long sword        |    69 |   170 |     3 ||   242
       Headbutt          |    11 |    42 |       ||    53
  Use: Scroll            |       |    10 |       ||    10
       Potion            |       |       |     1 ||     1
  Eat: Chunk             |     1 |     7 |       ||     8
Armor: Scale mail        |    38 |   100 |       ||   138
Dodge: Dodged            |    38 |    75 |     1 ||   114
       Rpst.: Long sword |    10 |    24 |     1 ||    35
